AoeStats
← ELPOCHOGOL

Glade

510425983Analyzed
1v1 RM · 1d ago on Oct 1, 2026· 46m 25s· 2 players
Game mode
Random Map
Map size
Tiny (2 player)
Population
200
Speed
Normal
Resources
Standard
Victory
Conquest
Starting age
Dark Age
Ending age
Imperial Age
RankedLock teamsTeams togetherTeam positionsShared explorationLock speedFull tech treeHidden civsTurbo modeCheats
Victory
Defeat
🇫🇷 Danes · France
1027
+14
🇦🇷 Franks · Argentina
991
-14
BlanquetteMagician
2:41 Loom
10:25 Feudal Age
10:38 Man-at-Arms
11:04 Arson
12:43 Double-Bit Axe
20:55 Castle Age
19:50 Scale Mail Armor
20:47 Horse Collar
26:19 Chain Mail Armor
26:30 Gold Mining
27:01 Bow Saw
28:17 Forging
30:39 Squires
31:47 Iron Casting
37:10 Imperial Age
35:43 Heavy Plow
42:19 Elite Varangian Guard
44:18 Plate Mail Armor
45:39 Conscription
ELPOCHOGOL
9:25 Feudal Age
7:41 Loom
16:12 Wheelbarrow
16:03 Gold Mining
19:31 Castle Age
17:40 Stone Mining
19:07 Double-Bit Axe
21:06 Bow Saw
22:15 Gold Shaft Mining
24:44 Town Watch
26:29 Ordonnance Companies
29:01 Husbandry
29:24 Padded Archer Armor
30:00 Fletching
34:38 Town Patrol
34:58 Hand Cart
34:54 Scale Barding Armor
35:00 Forging
42:35 Imperial Age
40:48 Leather Archer Armor
40:29 Bodkin Arrow
40:55 Chain Barding Armor
44:01 Cavalier
Connection lost

Rejoining the realm…

Still unreachable

The connection could not be restored.

Session expired

The server has moved on; the page needs a fresh start.